 Dungeon Crawl Stone Soup version 0.18.1-8-gdd0e5ea (webtiles) character file.

476 pandaman124 the Archer (level 6, -5/43 HPs)
             Began as a High Elf Hunter on May 27, 2016.
             Was a Believer of Nemelex Xobeh.
             Slain by Sumogruv the naga
             ... wielding a +3 short sword of venom
             ... created by the player character
              (9 damage)
             ... on level 8 of the Dungeon.
             The game lasted 00:19:56 (5716 turns).

pandaman124 the Archer (High Elf Hunter)            Turns: 5716, Time: 00:19:58

Health: -5/43      AC:  9    Str: 11    XL:     6   Next: 85%
Magic:  7/7        EV:  3    Int: 16    God:    Nemelex Xobeh [**....]
Gold:   122        SH:  0    Dex: 17    Spells: 0 memorised, 5 levels left

rFire  + . .     SeeInvis .     n - +2 dagger (venom)
rCold  x . .     Gourm    .     l - +0 chain mail
rNeg   . . .     Faith    .     (no shield)
rPois  +         Spirit   .     (no helmet)
rElec  .         Dismiss  .     p - +0 cloak
rCorr  .         Reflect  .     (no gloves)
SustAt .         Harm     .     (no boots)
MR     .....                    (no amulet)
Stlth  ..........               v - ring of fire
                                m - ring of poison resistance

@: lethally poisoned (-5 -> -7), constricted, not resistant to hostile
enchantments, extremely unstealthy
A: no striking features
a: Renounce Religion


You were on level 8 of the Dungeon.
You worshipped Nemelex Xobeh.
Nemelex Xobeh was pleased with you.
You were near starving.

You visited 1 branch of the dungeon, and saw 6 of its levels.

You collected 130 gold pieces.

Inventory:

Hand Weapons
 a - a +1 shortbow
 n - a +2 dagger of venom (weapon)
Missiles
 d - 39 arrows
Armour
 l - a +0 chain mail (worn)
 p - a +0 cloak (worn)
Jewellery
 m - a ring of poison resistance (left hand)
 v - a ring of fire (right hand)
Wands
 s - a wand of paralysis (12/24)
Scrolls
 i - a scroll of fog
Potions
 b - a potion of magic {unknown}
 j - a potion of beneficial mutation {unknown}
 k - 5 potions of curing {unknown}
 o - a potion of flight {unknown}
 q - a potion of lignification {unknown}
 r - a potion of resistance {unknown}
 t - a potion of cure mutation {unknown}
 u - a potion of mutation {unknown}
Miscellaneous
 c - a plain deck of wonders {drawn: 2}
 e - a plain deck of war {drawn: 3}
Comestibles
 f - 5 bread rations
 g - a meat ration


   Skills:
 + Level 3.8 Fighting
 * Level 8.1 Bows
 + Level 3.8 Dodging
 + Level 3.7 Stealth


You had 5 spell levels left.
You didn't know any spells.

Dungeon Overview and Level Annotations

Branches:
Dungeon (5/15)               Lair (0/8) D:8
 Temple: D:4-7

Altars:
Nemelex Xobeh
Sif Muna

Shops:
D:4 }

Annotations:
D:4 Blork the orc


Message History

You escape Sumogruv's grasp.
The orc priest hits you but does no damage.
Sumogruv spits poison at you. The splash of poison hits you!
You are poisoned.
You resist.
Your chain mail prevents you from hitting Sumogruv.
Sumogruv is lightly wounded.
You feel sick.
The orc priest hits you but does no damage.
Sumogruv hits you with a short sword of venom.
* * * LOW HITPOINT WARNING * * *
Sumogruv grabs you. Sumogruv constricts you.
You hit Sumogruv but do no damage.
Sumogruv is lightly wounded.
The orc priest looks braver for a moment.
The orc hits you but does no damage.
Sumogruv hits you with a short sword of venom!
You die...
Your body disappears without a glow.

.....≈≈≈.#...#
.....≈.[.#...########
..(...)......o.o....##
.........#...######..#
..........#######....#
.........#.......#.[.#
.....<.....#...#.....#
..........##..P##o...#
######..#...PPPP@N#..#
#..#...P>PPo.#..#
...PPPP..#..#
.##...##....#
#...#.....#
.......#..##
.#######...# #####


You could see Sumogruv the naga, an orc priest and an orc.

Vanquished Creatures
  Grinder (D:5)
  A scorpion (D:5)
  A crimson imp (D:5)
  2 iguanas
  A worker ant zombie (D:5)
  6 adders
  A shadow imp (D:8)
  An ooze (D:1)
  A dart slug (D:1)
  A giant gecko (D:2)
  4 orcs
  2 ball pythons
  3 bats
  7 goblins
  4 hobgoblins
  6 jackals
  4 kobolds
  2 quokkas (D:4)
  A giant gecko zombie (D:5)
  7 giant newts
  10 rats
66 creatures vanquished.

Vanquished Creatures (others)
  An orc wizard (D:8)
1 creature vanquished.

Grand Total: 67 creatures vanquished

Notes
Turn   | Place    | Note
--------------------------------------------------------------
     0 | D:1      | pandaman124 the High Elf Hunter began the quest for the Orb.
     0 | D:1      | Reached XP level 1. HP: 14/14 MP: 2/2
   531 | D:1      | Reached XP level 2. HP: 19/19 MP: 3/3
  1308 | D:2      | Reached XP level 3. HP: 25/25 MP: 4/4
  1489 | D:2      | Reached skill level 6 in Bows
  1717 | D:2      | Found a sparkling altar of Nemelex Xobeh.
  1924 | D:2      | Became a worshipper of Nemelex Xobeh the Trickster
  1968 | D:2      | Received a gift from Nemelex Xobeh
  2264 | D:2      | Reached XP level 4. HP: 11/30 MP: 5/5
  3236 | D:3      | Reached * piety under Nemelex Xobeh
  3762 | D:4      | Found Baoxaihe's Gadget Shop.
  4016 | D:4      | Noticed Blork the orc
  4412 | D:4      | Reached XP level 5. HP: 33/36 MP: 6/6
  4734 | D:4      | Found a deep blue altar of Sif Muna.
  5146 | D:5      | Entered Level 5 of the Dungeon
  5175 | D:5      | Reached skill level 7 in Bows
  5209 | D:5      | Noticed Grinder
  5228 | D:5      | Paralysed by Grinder for 5 turns
  5261 | D:5      | Paralysed by Grinder for 5 turns
  5271 | D:5      | Paralysed by Grinder for 6 turns
  5279 | D:5      | Killed Grinder
  5279 | D:5      | Reached XP level 6. HP: 18/43 MP: 7/7
  5434 | D:5      | Reached skill level 8 in Bows
  5579 | D:5      | You fall through a shaft for 3 floors!
  5579 | D:8      | Reached ** piety under Nemelex Xobeh
  5679 | D:8      | Noticed Sumogruv
  5701 | D:8      | Found a staircase to the Lair.
  5716 | D:8      | Slain by Sumogruv the naga

Skill      XL: |  1  2  3  4  5  6 |
---------------+-------------------+-----
Bows           | 6 7 8 |  8.1
Stealth        | 2 3 |  3.7
Fighting       | 3 |  3.8
Dodging        | 3 |  3.8

Action                   |  1- 3 |  4- 6 || total
-------------------------+-------+-------++-------
Melee: Short sword       |    68 |       ||    68
       Shortbow          |     8 |       ||     8
       Dagger            |       |   153 ||   153
 Fire: Shortbow          |    54 |    45 ||    99
Evoke: Deck              |     1 |     4 ||     5
       Wand              |       |     1 ||     1
  Use: Scroll            |     6 |     3 ||     9
       Potion            |       |     4 ||     4
  Eat: Chunk             |     4 |     9 ||    13
Armor: Leather armour    |    14 |       ||    14
       Chain mail        |    55 |   144 ||   199
Dodge: Dodged            |    47 |    48 ||    95
